Map: Backwater LE

Players

Nerchio - Winner!

  • Race: Zerg Zerg
  • Spawn Location: 5:00

Cham

  • Race: Zerg Zerg
  • Spawn Location: 11:00

Event: WCS Leipzig 2018

VOD

Have the link to the VOD?

Description

Time

  • Played on: Jan. 26, 2018, 2:08 p.m.
  • Length: 9:48

All games in this series

Show
View Real Time Build Order
Export as new Build Order

Nerchio Zerg - Winner!

Build Orders: Hatch First 

Get SALT Encoding   

  12  0:00  Drone  
  13  0:12  Overlord  
  13  0:17  Drone  
  14  0:30  Drone x2  
  14  0:34  Drone  
  17  0:51  Hatchery  
  17  0:55  Drone  
  17  0:58  Drone  
  18  1:08  Extractor  
  17  1:12  Spawning Pool  
  17  1:15  Drone  
  17  1:19  Drone  
  18  1:28  Drone  
  19  1:38  Overlord  
  19  1:50  Drone  
  20  1:59  Queen  
  20  2:00  Zergling x2  
  23  2:02  Queen  
  23  2:03  Zergling x2  
  23  2:07  Metabolic Boost  
  26  2:12  Zergling x2  
  27  2:15  Drone  
  27  2:21  Drone  
  29  2:24  Drone  
  30  2:32  Drone  
  31  2:41  Hatchery  
  30  2:46  Evolution Chamber  
  30  2:47  Zergling x2  
  30  2:50  Drone  
  31  2:52  Drone  
  31  2:55  Drone  
  33  3:00  Overlord  
  33  3:11  Zergling x2  
  33  3:12  Zergling x4  
  36  3:15  Baneling Nest  
  36  3:19  Zergling x4  
  37  3:21  Zergling x2  
  37  3:23  Zergling x2  
  37  3:26  Zergling x2  
  40  3:30  Drone  
  41  3:35  Overlord  
  41  3:38  Drone  
  42  3:45  Overlord  
  42  3:47  Drone x2  
  44  3:53  Overlord  
  44  3:54  Drone  
  45  3:58  Drone x2  
  45  4:02  Drone x2  
  48  4:05  Drone  
  49  4:12  Drone x2  
  49  4:14  Zerg Missile Weapons Level 1  
  51  4:17  Drone  
  51  4:19  Drone  
  51  4:20  Drone  
  54  4:25  Drone  
  54  4:26  Drone x2  
  54  4:27  Drone  
  54  4:29  Drone  
  54  4:31  Drone  
  59  4:38  Drone  
  59  4:39  Drone  
  59  4:45  Drone x2, Lair  
  61  4:46  Drone x3  
  61  4:47  Drone  
  61  4:50  Extractor x2  
  59  4:57  Drone x3  
  59  4:58  Drone, Roach Warren  
  62  5:00  Drone  
  62  5:09  Zergling x4  
  62  5:10  Zergling x2  
  62  5:12  Spine Crawler  
  64  5:16  Overlord x2  
  62  5:25  Extractor  
  60  5:28  Drone  
  60  5:29  Drone x7  
  60  5:30  Drone  
  60  5:35  Evolution Chamber  
  68  5:39  Drone  
  68  5:40  Drone x4  
  68  5:41  Drone  
  68  5:42  Glial Reconstitution  
  74  5:44  Queen  
  76  5:51  Roach x3  
  76  5:53  Extractor  
  81  6:00  Roach x3  
  81  6:01  Zerg Ground Armor Level 1  
  81  6:03  Roach  
  89  6:06  Overlord  
  89  6:07  Overlord  
  89  6:09  Overlord  
  88  6:17  Hydralisk Den  
  88  6:18  Drone x2  
  89  6:19  Zerg Missile Weapons Level 2  
  89  6:20  Extractor  
  86  6:28  Roach x4  
  86  6:32  Drone x3  
  97  6:33  Roach  
  97  6:36  Roach  
  97  6:37  Hatchery  
  97  6:38  Roach x2  
  104  6:41  Roach  
  104  6:42  Roach  
  104  6:44  Roach  
  104  6:46  Roach  
  112  6:50  Overlord  
  112  6:52  Overlord  
  112  6:56  Overlord  
  112  6:58  Roach  
  112  6:59  Overlord  
  114  7:06  Muscular Augments  
  114  7:08  Lurker Den  
  113  7:09  Roach x2  
  113  7:10  Roach x2  
  113  7:11  Roach  
  113  7:13  Roach  
  113  7:15  Roach  
  127  7:16  Hydralisk  
  127  7:18  Hydralisk  
  131  7:24  Roach x2  
  131  7:25  Roach  
  131  7:26  Pneumatized Carapace  
  131  7:28  Hydralisk  
  139  7:31  Spore Crawler  
  139  7:33  Hydralisk  
  140  7:38  Spore Crawler  
  140  7:39  Overlord, Spore Crawler  
  140  7:40  Overlord  
  140  7:42  Overlord  
  138  7:46  Overlord  
  138  7:53  Hydralisk  
  138  7:54  Hydralisk x2  
  141  8:00  Hydralisk x3  
  141  8:03  Hydralisk  
  147  8:07  Hydralisk x2  
  147  8:11  Hydralisk  
  153  8:13  Hydralisk  
  153  8:15  Hydralisk  
  153  8:18  Hydralisk  
  156  8:22  Hydralisk x2  
  156  8:26  Hydralisk  
  160  8:31  Overlord x2  
  160  8:33  Overlord  
  158  8:35  Overlord  
  158  8:39  Overlord  
  156  8:44  Hydralisk x3  
  154  8:51  Hydralisk  
  154  8:52  Hydralisk x2  
  152  8:56  Hydralisk  
  152  8:57  Hydralisk  
  152  9:01  Hydralisk  
  158  9:05  Lurker x3  
  158  9:07  Roach  
  158  9:09  Roach  
  165  9:11  Roach  
  165  9:15  Roach x2  
  171  9:20  Roach x2  
  171  9:21  Roach  
  171  9:23  Roach  
  171  9:25  Roach  
  171  9:27  Roach  
  171  9:29  Roach  
Show
View Real Time Build Order
Export as new Build Order

Cham Zerg 

Build Orders: 3 Hatch before Pool, Muta Ling Bane 

Get SALT Encoding   

  12  0:00  Drone  
  13  0:07  Drone  
  14  0:17  Overlord  
  14  0:35  Drone x3  
  17  0:52  Hatchery  
  17  0:56  Drone  
  17  1:15  Hatchery  
  17  1:17  Drone  
  17  1:20  Drone  
  18  1:31  Extractor  
  17  1:36  Spawning Pool  
  17  1:39  Drone  
  17  1:42  Drone  
  17  1:45  Drone  
  19  1:52  Drone  
  20  2:02  Drone  
  20  2:04  Drone  
  22  2:21  Drone  
  22  2:22  Drone, Queen x2  
  24  2:26  Overlord  
  28  2:35  Drone x3  
  31  2:42  Queen  
  33  2:48  Overlord  
  33  2:50  Drone  
  34  2:52  Drone  
  34  2:55  Drone  
  34  2:57  Drone  
  34  2:58  Drone  
  38  3:00  Drone  
  39  3:05  Drone  
  39  3:06  Drone  
  39  3:11  Overlord  
  42  3:12  Drone  
  42  3:18  Drone  
  43  3:21  Evolution Chamber  
  43  3:22  Drone  
  43  3:23  Roach Warren  
  42  3:30  Drone  
  42  3:31  Drone x2  
  45  3:34  Drone x2  
  45  3:35  Drone, Extractor  
  45  3:38  Evolution Chamber  
  46  3:42  Roach Warren  
  45  3:49  Zerg Missile Weapons Level 1  
  45  3:50  Drone x3  
  45  3:53  Drone x2  
  45  3:54  Drone  
  52  3:56  Lair  
  52  4:00  Overlord  
  52  4:09  Roach x4  
  57  4:10  Drone  
  57  4:17  Extractor  
  57  4:18  Extractor  
  57  4:19  Roach  
  57  4:23  Drone x2  
  59  4:24  Drone  
  59  4:28  Drone  
  59  4:29  Overlord  
  59  4:34  Drone  
  59  4:36  Overlord  
  60  4:42  Drone x3  
  61  4:45  Zerg Ground Armor Level 1  
  61  4:47  Drone x2  
  61  4:48  Drone  
  62  4:55  Drone x2  
  62  4:58  Drone  
  65  5:01  Glial Reconstitution  
  65  5:05  Queen  
  65  5:06  Overlord  
  67  5:14  Drone x5  
  67  5:17  Roach  
  67  5:18  Drone  
  67  5:21  Drone  
  74  5:28  Overlord  
  74  5:31  Drone x3, Extractor  
  74  5:32  Drone x2  
  78  5:38  Spire  
  78  5:39  Drone  
  78  5:41  Drone  
  80  5:42  Drone  
  80  5:43  Drone  
  80  5:44  Extractor  
  80  5:46  Drone x2  
  80  5:47  Drone  
  83  5:51  Overlord  
  83  5:59  Hatchery  
  82  6:05  Drone, Roach x3  
  82  6:06  Drone  
  82  6:09  Overlord  
  90  6:13  Roach  
  90  6:16  Overlord  
  92  6:20  Drone, Hydralisk Den  
  92  6:27  Drone x7  
  92  6:31  Overlord  
  99  6:33  Zerg Missile Weapons Level 2  
  99  6:37  Overlord  
  99  6:40  Roach x3  
  99  6:45  Zerg Ground Armor Level 2  
  106  6:47  Drone  
  106  6:49  Overlord  
  106  6:54  Mutalisk x3  
  107  6:56  Mutalisk  
  107  6:58  Mutalisk  
  117  7:02  Mutalisk  
  117  7:07  Drone, Mutalisk  
  117  7:08  Baneling Nest, Mutalisk  
  123  7:14  Mutalisk  
  125  7:19  Drone, Extractor x2  
  124  7:23  Overlord  
  124  7:24  Overlord x2  
  124  7:26  Mutalisk x2  
  128  7:38  Mutalisk x2  
  128  7:41  Overlord x2  
  128  7:43  Zergling x6  
  128  7:44  Zergling x14  
  142  7:46  Mutalisk  
  142  7:48  Mutalisk  
  146  7:55  Mutalisk  
  146  8:03  Mutalisk x2  
  144  8:06  Zergling x2  
  144  8:07  Zergling x16  
  144  8:08  Metabolic Boost  
  144  8:10  Overlord x2  
  153  8:16  Centrifical Hooks  
  153  8:20  Mutalisk  
  153  8:22  Overlord x3  
  153  8:24  Mutalisk  
  157  8:30  Mutalisk  
  157  8:33  Mutalisk  
  161  8:34  Overlord  
  161  8:38  Mutalisk  
  161  8:43  Mutalisk  
  161  8:45  Drone  
  161  8:46  Drone x3, Queen  
  161  8:48  Mutalisk  
  147  8:53  Mutalisk  
  142  8:57  Drone x3  
  142  8:58  Mutalisk  
  139  9:04  Mutalisk  
  139  9:09  Mutalisk  
  143  9:11  Mutalisk  
  143  9:13  Zergling x4  
  146  9:20  Drone x4  
  146  9:23  Baneling x6  
  148  9:25  Baneling x2  
  148  9:26  Zergling x4  
  148  9:27  Baneling x3  
  148  9:28  Baneling, Zergling x4  
  148  9:29  Zergling x10  
  148  9:30  Overlord  
  148  9:31  Zergling x2  
Tags
 
Add a new tag
Caveats
  • Supply blocks, unpowered buildings, or Contaminate may cause inaccurate times.
  • Supply counts are checked every 10 seconds.